Map: Lost and Found LE

Players

Dinok - Winner!

  • Race: Zerg Zerg
  • League: Diamond
  • Spawn Location: 7:00

feisto

  • Race: Protoss Protoss
  • League: Diamond
  • Spawn Location: 1:00

VOD

Have the link to the VOD?

Description

opponent was random and didnt glhf so i went for early gas pool, other than that i feel like it was a chaotic game and maybe you'll have some good stuff to dig on

Time

  • Played on: Sept. 13, 2018, 12:20 p.m.
  • Length: 26:50
Show
View Real Time Build Order
Export as new Build Order

Dinok Zerg - Winner!

Build Orders: Pool First, Lurkers 

Get SALT Encoding   

  12  0:02  Drone  
  13  0:12  Overlord  
  13  0:16  Drone  
  14  0:30  Extractor  
  14  0:32  Drone  
  14  0:40  Spawning Pool  
  13  0:44  Drone  
  13  0:48  Drone  
  15  0:53  Drone  
  16  0:58  Drone  
  17  1:28  Zergling x6  
  20  1:35  Queen  
  22  1:46  Overlord  
  22  1:54  Metabolic Boost  
  22  2:16  Hatchery  
  22  2:19  Drone  
  22  2:24  Drone  
  22  2:29  Drone  
  24  2:36  Drone  
  24  2:42  Baneling Nest  
  23  2:48  Drone  
  24  2:53  Drone x3  
  27  3:10  Overlord  
  27  3:15  Evolution Chamber  
  26  3:25  Zergling x4  
  28  3:30  Queen  
  28  3:33  Drone  
  30  3:59  Zergling x12  
  30  4:01  Zerg Melee Weapons Level 1  
  35  4:03  Queen  
  35  4:06  Overlord  
  37  4:15  Zergling x10  
  35  4:29  Lair  
  35  4:30  Drone x2  
  37  4:34  Zergling x2  
  38  4:46  Zergling x6  
  38  4:50  Drone x2  
  43  4:56  Overlord  
  41  5:09  Zergling x2  
  41  5:10  Zergling x6  
  43  5:14  Baneling x4  
  43  5:15  Baneling  
  43  5:18  Drone  
  44  5:26  Drone  
  44  5:27  Drone x2  
  44  5:28  Drone  
  44  5:39  Drone x4  
  47  5:43  Drone  
  47  5:44  Drone  
  47  5:47  Spore Crawler  
  48  5:52  Spore Crawler  
  48  5:55  Drone  
  48  6:03  Drone  
  48  6:04  Drone x2, Overlord  
  51  6:15  Overlord x3  
  51  6:21  Overlord  
  51  6:23  Zerg Melee Weapons Level 2  
  50  6:34  Drone x3  
  50  6:35  Drone x2  
  55  6:42  Drone x4  
  59  6:54  Hatchery  
  59  6:55  Spore Crawler  
  59  7:01  Extractor  
  56  7:02  Extractor  
  56  7:03  Hydralisk Den  
  56  7:05  Drone x3  
  55  7:20  Queen  
  55  7:21  Queen  
  59  7:23  Drone x2  
  59  7:24  Drone x4  
  59  7:25  Drone  
  66  7:33  Muscular Augments  
  66  7:34  Evolution Chamber  
  65  7:41  Hydralisk x3  
  71  7:48  Drone x3, Extractor  
  73  7:58  Overlord x3  
  73  8:05  Queen  
  75  8:11  Hydralisk  
  75  8:12  Hydralisk x2  
  81  8:19  Drone x5  
  86  8:22  Zerg Missile Weapons Level 1  
  86  8:36  Hydralisk x4  
  94  8:42  Drone x4, Extractor  
  94  8:43  Drone  
  95  8:57  Hydralisk x2, Overlord  
  95  8:58  Hydralisk  
  95  9:00  Spore Crawler  
  100  9:11  Drone x2  
  100  9:12  Drone  
  100  9:16  Drone x3  
  106  9:17  Hatchery, Drone, Extractor  
  106  9:20  Grooved Spines  
  105  9:28  Hydralisk x4  
  113  9:33  Lurker Den  
  113  9:37  Overlord x2  
  112  9:54  Hydralisk  
  112  9:55  Hydralisk x6  
  126  10:02  Queen  
  129  10:07  Drone  
  129  10:11  Overlord x4  
  129  10:18  Zerg Missile Weapons Level 2  
  129  10:27  Overlord x2  
  129  10:30  Overseer  
  129  10:33  Overseer  
  129  10:39  Drone x10  
  139  10:50  Hydralisk x6  
  151  11:03  Lurker x4  
  151  11:04  Lurker  
  155  11:08  Drone x4  
  155  11:09  Drone x5  
  159  11:20  Lurker x3  
  159  11:22  Zergling x12  
  168  11:36  Lurker x2  
  168  11:41  Hydralisk x3  
  169  11:51  Infestation Pit  
  168  12:09  Hydralisk x5  
  168  12:14  Zergling x2  
  168  12:15  Zergling x10  
  184  12:24  Pneumatized Carapace  
  184  12:30  Hatchery  
  184  12:37  Zerg Ground Armor Level 1  
  150  12:55  Hydralisk x9  
  161  13:07  Drone x3  
  164  13:14  Extractor  
  164  13:17  Extractor  
  162  13:32  Hydralisk x3  
  168  13:36  Baneling x10  
  168  13:37  Overlord x5  
  163  14:04  Hydralisk x9  
  163  14:05  Hydralisk x6  
  174  14:30  Hydralisk  
  174  14:31  Hydralisk x9  
  174  14:34  Zergling x4  
  174  14:35  Zergling x12  
  200  14:43  Spire  
  174  15:16  Zergling x18  
  172  15:23  Hive  
  172  15:33  Lurker x6  
  172  15:34  Lurker x4  
  182  15:36  Zergling x28  
  182  15:37  Zergling x2  
  182  15:40  Overlord  
  179  16:46  Extractor  
  167  16:47  Extractor  
  167  16:52  Hydralisk x9  
  140  17:13  Corruptor x6  
  140  17:15  Hydralisk x15  
  128  17:16  Hydralisk x3  
  128  17:18  Zergling x2  
  160  17:27  Queen  
  162  17:32  Zerg Missile Weapons Level 3  
  162  17:34  Zerg Flyer Weapons Level 1  
  162  17:35  Zergling x10  
  162  17:36  Zergling x6  
  170  17:39  Adrenal Glands  
  170  17:56  Zergling x26  
  170  17:57  Zergling x8  
  143  18:07  Hydralisk x7  
  143  18:08  Hydralisk x4  
  143  18:11  Corruptor x2  
  164  18:13  Corruptor  
  166  18:23  Baneling  
  166  18:24  Baneling x7  
  166  18:25  Baneling x3, Zergling x4  
  166  18:26  Zergling x28  
  182  18:37  Overlord x2  
  182  18:47  Overlord x4  
  159  19:05  Overseer  
  159  19:06  Overseer x2  
  159  19:07  Hydralisk x2  
  159  19:08  Hydralisk x12  
  181  19:15  Corruptor x2  
  181  19:16  Corruptor  
  184  19:18  Lurker  
  184  19:35  Greater Spire  
  184  19:36  Zergling x4  
  184  19:37  Zergling x26  
  199  19:45  Hatchery  
  198  19:50  Centrifical Hooks  
  196  19:53  Hatchery  
  158  20:03  Hydralisk x7  
  107  20:14  Hydralisk x3  
  107  20:15  Hydralisk  
  107  20:19  Zergling x6  
  116  20:32  Hydralisk x3  
  122  20:41  Zerg Melee Weapons Level 3  
  122  20:43  Zergling x2  
  122  20:49  Zergling x2  
  122  20:50  Zergling x4  
  122  20:56  Zergling x6  
  116  21:09  Zergling x8  
  118  21:23  Extractor  
  118  21:24  Extractor  
  116  21:33  Brood Lord x2  
  116  21:37  Zergling x4  
  116  21:38  Zergling x2  
  123  21:43  Drone x2  
  123  21:45  Drone  
  123  21:46  Drone  
  127  21:48  Drone  
  127  21:50  Drone  
  129  22:03  Zergling x14, Extractor  
  129  22:04  Zergling x2  
  136  22:18  Zergling x10  
  141  22:32  Spine Crawler  
  141  22:34  Spine Crawler  
  141  22:35  Drone x3  
  141  22:36  Spine Crawler  
  140  22:44  Hatchery  
  136  22:52  Hydralisk x6  
  136  22:53  Hydralisk x4  
  156  23:09  Spine Crawler x2  
  156  23:10  Spine Crawler, Drone  
  156  23:11  Spine Crawler, Drone  
  156  23:12  Hydralisk x3  
  160  23:21  Brood Lord x2  
  160  23:25  Zerg Flyer Weapons Level 2  
  164  23:31  Zerg Ground Armor Level 2  
  161  24:02  Corruptor x6  
  164  24:07  Brood Lord x2  
  164  24:08  Brood Lord  
  178  24:15  Queen x2  
  182  24:24  Spore Crawler  
  181  24:27  Spine Crawler  
  181  24:28  Spine Crawler  
  181  24:30  Spine Crawler  
  178  24:36  Hydralisk x5  
  176  24:52  Hydralisk x5  
  149  25:00  Zergling x10  
  149  25:01  Zergling x4  
  149  25:05  Overseer  
  149  25:06  Spore Crawler  
  154  25:36  Extractor  
  154  25:37  Extractor  
  154  25:42  Zergling x38  
  171  26:03  Hydralisk x3  
  177  26:14  Queen  
Show
View Real Time Build Order
Export as new Build Order

feisto Protoss 

Build Orders: Phoenix Opening 

Get SALT Encoding   

  12  0:01  Probe  
  13  0:13  Probe  
  14  0:20  Pylon  
  14  0:25  Probe  
  15  0:39  Gateway  
  15  0:43  Assimilator  
  15  0:45  Probe  
  17  0:57  Probe  
  17  1:00  Pylon  
  17  1:09  Probe  
  18  1:21  Probe  
  19  1:31  Cybernetics Core  
  19  1:33  Probe, Pylon  
  20  1:42  Assimilator  
  20  1:45  Probe  
  21  1:55  Gateway  
  21  1:58  Adept  
  21  2:02  Probe  
  24  2:10  Warp Gate  
  24  2:14  Probe  
  25  2:23  Adept  
  25  2:29  Stargate  
  27  2:31  Probe  
  27  2:36  Adept  
  28  2:43  Probe  
  31  2:54  Pylon  
  31  3:12  Adept  
  33  3:17  Nexus  
  33  3:21  Phoenix  
  33  3:26  Probe  
  36  3:33  Pylon  
  36  3:40  Phoenix  
  38  4:02  Gateway  
  38  4:05  Robotics Facility  
  34  4:25  Probe  
  35  4:33  Probe  
  35  4:34  Pylon  
  36  4:41  Adept  
  36  4:42  Adept  
  40  4:46  Phoenix  
  40  4:51  Probe  
  43  4:55  Shield Battery  
  43  5:03  Probe  
  43  5:04  Adept  
  45  5:09  Adept  
  45  5:10  Adept  
  47  5:16  Probe  
  47  5:18  Gateway  
  48  5:21  Observer  
  49  5:28  Probe  
  49  5:33  Pylon  
  50  5:41  Probe  
  50  5:49  Pylon  
  51  5:50  Probe  
  51  5:55  Shield Battery  
  52  5:58  Probe  
  52  5:59  Phoenix  
  53  6:04  Assimilator  
  53  6:05  Probe  
  53  6:09  Probe  
  57  6:14  Oracle  
  57  6:15  Pylon  
  57  6:17  Probe  
  58  6:21  Probe, Adept  
  64  6:26  Observer  
  64  6:29  Probe  
  66  6:33  Probe  
  67  6:45  Probe  
  68  6:47  Robotics Bay  
  68  6:48  Assimilator  
  68  6:49  Phoenix  
  68  6:51  Adept x2  
  74  6:57  Probe  
  75  7:10  Phoenix  
  75  7:22  Pylon  
  77  7:23  Nexus  
  77  7:26  Probe  
  77  7:27  Pylon  
  77  7:28  Probe, Forge  
  78  7:35  Extended Thermal Lance  
  78  7:36  Probe  
  80  7:50  Shield Battery  
  80  7:51  Gateway  
  80  7:54  Gateway  
  80  8:01  Photon Cannon  
  80  8:03  Assimilator  
  80  8:04  Probe x2  
  82  8:11  Colossus  
  82  8:18  Phoenix  
  84  8:23  Probe x2  
  84  8:26  Protoss Ground Weapons Level 1  
  92  8:31  Assimilator  
  92  8:34  Photon Cannon  
  92  8:35  Probe x2, Shield Battery  
  94  8:42  Probe  
  94  8:47  Probe x2  
  97  8:51  Probe  
  98  8:59  Probe  
  98  9:05  Probe  
  98  9:09  Probe  
  100  9:12  Colossus  
  100  9:14  Observer  
  100  9:15  Gateway  
  101  9:18  Gateway  
  101  9:21  Probe  
  101  9:22  Twilight Council  
  102  9:25  Pylon  
  102  9:28  Gateway  
  108  9:31  Probe  
  108  9:33  Gateway  
  109  9:39  Probe, Pylon  
  110  9:47  Probe  
  111  9:58  Probe  
  111  9:59  Colossus  
  112  10:02  Charge  
  118  10:10  Robotics Facility  
  118  10:11  Protoss Ground Weapons Level 2  
  118  10:13  Probe  
  119  10:15  Photon Cannon  
  119  10:17  Photon Cannon  
  119  10:19  Photon Cannon  
  119  10:20  Shield Battery  
  119  10:22  Pylon  
  119  10:23  Nexus  
  119  10:25  Pylon  
  119  10:31  Templar Archives  
  119  10:38  Forge  
  119  10:40  Probe  
  120  10:46  Photon Cannon  
  120  10:48  Photon Cannon  
  120  10:49  Shield Battery  
  120  11:00  Observer Gravitic Boosters, Colossus  
  126  11:04  Psionic Storm  
  124  11:20  High Templar  
  124  11:21  High Templar x3  
  124  11:22  High Templar x3  
  124  11:23  Observer  
  138  11:34  Zealot  
  138  11:35  Zealot x2  
  143  11:44  Blink  
  143  11:45  Colossus  
  143  11:46  Protoss Ground Armor Level 1  
  149  11:53  Gateway  
  149  11:54  Gateway  
  149  12:03  Assimilator  
  149  12:04  High Templar x3  
  149  12:07  Assimilator  
  155  12:08  Archon  
  155  12:09  Zealot x2  
  155  12:10  Zealot x2  
  155  12:15  Pylon  
  163  12:35  Zealot x4  
  126  13:00  Stalker x3  
  126  13:01  Stalker x2, Zealot  
  126  13:02  Zealot x3  
  144  13:14  Photon Cannon  
  144  13:15  Photon Cannon  
  144  13:20  High Templar x2  
  144  13:21  High Templar  
  144  13:22  Photon Cannon, High Templar  
  144  13:23  High Templar x2, Shield Battery  
  144  13:25  Zealot x2  
  144  13:26  Zealot x4  
  144  13:27  Observer  
  168  13:28  Archon x2  
  168  13:29  Archon  
  168  13:32  Observer  
  170  13:47  Colossus  
  160  14:37  Gateway  
  160  14:38  Gateway  
  160  14:39  Pylon  
  160  14:41  Gateway, Pylon  
  160  14:42  Gateway  
  160  14:43  Pylon  
  160  14:59  Phoenix  
  154  15:07  Stalker x3  
  154  15:08  Stalker x2  
  164  15:29  Probe  
  164  15:33  Nexus  
  164  15:35  Pylon  
  165  15:37  Pylon  
  165  15:47  Dark Shrine  
  165  15:53  Phoenix  
  165  15:54  Pylon  
  165  15:55  Photon Cannon  
  167  15:58  Photon Cannon  
  167  16:00  Photon Cannon  
  167  16:02  Photon Cannon  
  167  16:04  Photon Cannon  
  167  16:06  Photon Cannon  
  167  16:07  Shield Battery  
  167  16:09  Shield Battery  
  167  16:13  Shield Battery  
  167  16:18  Phoenix, Gateway  
  169  16:20  Gateway  
  169  16:22  Assimilator  
  163  16:44  Probe  
  143  16:52  Probe  
  114  17:02  Probe  
  89  17:20  Probe  
  90  17:25  Stalker x3  
  90  17:26  Stalker x3  
  90  17:27  Stalker x2  
  106  17:32  Probe  
  106  17:34  Nexus  
  106  17:36  Assimilator, Pylon  
  107  17:38  High Templar x4, Pylon  
  107  17:39  High Templar x2  
  107  17:41  Probe, Zealot  
  107  17:42  Archon  
  107  17:43  Archon  
  121  17:44  Archon  
  121  17:50  Probe  
  113  17:58  Probe  
  104  18:10  Probe  
  104  18:12  High Templar x2  
  109  18:15  Stalker x2  
  109  18:16  Stalker x2  
  109  18:17  Stalker x2  
  109  18:18  Stalker x3  
  127  18:22  Probe  
  127  18:25  Pylon  
  128  18:32  Archon  
  128  18:35  Dark Templar x2  
  128  18:36  Dark Templar  
  128  18:37  Dark Templar  
  128  18:38  Dark Templar  
  128  18:41  Dark Templar x3  
  140  18:42  Dark Templar  
  140  18:47  Probe  
  147  18:49  Probe x2  
  149  18:59  Probe  
  149  19:01  Probe x2  
  152  19:08  Archon  
  152  19:13  Archon x2  
  152  19:18  Observer  
  152  19:23  High Templar x2  
  152  19:24  High Templar x4  
  158  19:25  High Templar, Zealot x2  
  158  19:26  Probe, Zealot x3  
  177  19:34  Probe, Photon Cannon  
  177  19:35  Shield Battery  
  178  19:42  Probe  
  178  19:44  Probe  
  178  19:45  Photon Cannon  
  83  20:18  Zealot x2  
  83  20:19  High Templar x2, Zealot  
  83  20:20  High Templar x2, Zealot  
  83  20:21  Zealot x3  
  101  20:22  Zealot x2  
  101  20:23  Zealot x2  
  101  20:25  Probe, Archon x2  
  113  20:34  Probe  
  112  20:44  Probe  
  103  20:58  Zealot  
  103  20:59  Zealot x3  
  103  21:00  Zealot  
  103  21:01  Zealot x3  
  91  21:12  High Templar x4  
  91  21:13  High Templar  
  101  21:22  Assimilator  
  101  21:23  Assimilator  
  101  21:25  Dark Templar  
  103  21:31  Zealot x2  
  107  21:35  Nexus  
  107  21:39  Probe  
  108  21:47  Probe  
  108  21:53  Pylon  
  109  22:02  Observer  
  109  22:03  Assimilator  
  109  22:04  High Templar x3  
  109  22:06  Zealot x3  
  109  22:07  Zealot x3  
  109  22:08  Assimilator  
  128  22:16  Archon  
  128  22:17  High Templar  
  128  22:20  Gateway  
  128  22:21  Observer  
  130  22:23  Shield Battery  
  131  22:39  Photon Cannon  
  131  22:57  Dark Templar  
  131  22:58  Dark Templar x3  
  125  23:00  Probe  
  128  23:08  Probe, Photon Cannon  
  129  23:12  Stargate  
  129  23:18  Probe  
  121  23:21  High Templar  
  121  23:22  High Templar, Zealot  
  121  23:23  Zealot x3  
  121  23:24  Zealot  
  136  23:28  Observer  
  136  23:30  Archon  
  137  23:46  Observer  
  132  24:06  Fleet Beacon  
  132  24:14  Probe  
  132  24:17  Stargate  
  133  24:22  Probe  
  134  24:26  Probe  
  135  24:34  Probe  
  135  24:38  Dark Templar x3, Stargate  
  138  24:39  Dark Templar  
  98  24:54  Carrier  
  98  24:55  Carrier  
  86  25:04  Carrier  
  97  25:31  Colossus  
  95  25:37  Graviton Catapult  
  101  25:47  Probe  
  101  25:49  Nexus  
  101  25:52  Pylon  
  101  25:55  Pylon  
  101  25:59  Stargate  
  101  26:04  Assimilator  
  97  26:08  Assimilator  
  95  26:14  Zealot x4  
  95  26:15  Zealot x2  
  124  26:37  Zealot x2  
  124  26:38  Zealot  
Tags
 
Add a new tag
Caveats
  • Supply blocks, unpowered buildings, or Contaminate may cause inaccurate times.
  • Supply counts are checked every 10 seconds.